 Dungeon Crawl Stone Soup version 0.30.0-29-ga12c61a403 (webtiles) character file.

Game seed: 11466419624032346197

679 Graphine the Grave Robber (level 7, -3/53 HPs)
             Began as a Demonspawn Necromancer on June 23, 2023.
             Slain by a gnoll
             ... wielding a +0 flail
             ... led by a gnoll sergeant
              (7 damage)
             ... on level 5 of the Dungeon.
             The game lasted 00:12:34 (4518 turns).

Graphine the Grave Robber (Demonspawn Necromancer)  Turns: 4518, Time: 00:12:36

Health: -3/53      AC:  6    Str:  9    XL:     7   Next: 34%
Magic:  1/11       EV: 12    Int: 18    God:
Gold:   215        SH:  0    Dex: 13    Spells: 4/12 levels left

rFire   . . .        i - +2 dagger (venom)
rCold   . . .        (no shield)
rNeg    . . .        r - +2 robe {Will+}
rPois   .            (helmet restricted)
rElec   .            (no cloak)
rCorr   .            (no gloves)
SInv    .            (no boots)
Will    +....        (no amulet)
Stlth   ++           g - ring of wizardry
HPRegen 0.28/turn    (no ring)
MPRegen 0.12/turn

%: wizardry (x1)
@: animating dead
A: antennae 1, yellow scales 1, foul stench 1
a: no special abilities


You were on level 5 of the Dungeon.
You visited 1 branch of the dungeon, and saw 5 of its levels.

You collected 215 gold pieces.

Inventory:

Hand Weapons
 d - a +3 dagger
 i - a +2 dagger of venom (weapon)
Missiles
 k - 4 datura-tipped darts
 n - a throwing net
Armour
 r - a +2 robe of willpower (worn)
Jewellery
 f - an amulet of faith
 g - a ring of wizardry (left hand)
 p - a ring of ice
Scrolls
 a - a scroll of blinking
 c - a scroll of vulnerability {unknown}
 j - a scroll of amnesia {unknown}
 o - 2 scrolls of identify
Potions
 b - a potion of magic
 e - 2 potions of curing
 h - 2 potions of lignification
 l - a potion of ambrosia
 m - a potion of berserk rage {unknown}
 q - a potion of attraction {unknown}


   Skills:
 * Level 3.8 Fighting
 + Level 2.9 Dodging
 - Level 1.7 Stealth
 + Level 3.2 Spellcasting
 * Level 6.2 Necromancy
 * Level 5.0 Invocations


You had 4 spell levels left.
You knew the following spells:

 Your Spells              Type           Power      Damage    Failure   Level
a - Necrotise             Necr           100%       1d9       1%          1
b - Vampiric Draining     Necr           25%        2d7       1%          3
c - Animate Dead          Necr           25%        N/A       4%          4

Your spell library contained the following spells:

 Spells                   Type           Power      Damage    Failure   Level
 Agony                    Necr           25%        N/A       13%         5


Dungeon Overview and Level Annotations

Branches:
Dungeon (5/15)             Temple (0/1) D:5

Altars:

Shops:
D:4 !*(


Innate Abilities, Weirdness & Mutations

You have a pair of small antennae on your head.
You are partially covered in yellow scales. (AC +2)
You may rarely emit foul miasma when damaged in melee.


Message History

Aim: a gnoll sergeant, wielding a +0 spear and wearing a +0 scale mail (moderately wounded, chance to affect: 83%)
The gnoll sergeant barely resists.
The gnoll sergeant hits you but does no damage.
The gnoll misses you. The gnoll hits you with a +0 flail.
Casting: Necrotise (safe; 1% risk of failure)
Confirm with . or Enter, or press ? or * to list all spells.
Aiming: Necrotise (safe; 1% risk of failure)
Press: ? - help, Shift-Dir - straight line, f/p - gnoll sergeant
Aim: a gnoll sergeant, wielding a +0 spear and wearing a +0 scale mail (moderately wounded, chance to affect: 83%)
The gnoll sergeant writhes in agony!
The gnoll barely misses you.
Unknown command.
Casting: Necrotise (safe; 1% risk of failure)
Confirm with . or Enter, or press ? or * to list all spells.
Aiming: Necrotise (safe; 1% risk of failure)
Press: ? - help, Shift-Dir - straight line, f/p - gnoll sergeant
Aim: a gnoll sergeant, wielding a +0 spear and wearing a +0 scale mail (heavily wounded, chance to affect: 83%)
The gnoll sergeant barely resists.
The gnoll barely misses you. The gnoll closely misses you.
Unknown command.
Casting: Necrotise (safe; 1% risk of failure)
Confirm with . or Enter, or press ? or * to list all spells.
Aiming: Necrotise (safe; 1% risk of failure)
Press: ? - help, Shift-Dir - straight line, f/p - gnoll sergeant
Aim: a gnoll sergeant, wielding a +0 spear and wearing a +0 scale mail (heavily wounded, chance to affect: 83%)
The gnoll sergeant writhes in agony!
The gnoll hits you from afar with a +0 halberd.
The gnoll misses you.
The gnoll sergeant hits you with a +0 spear.
You closely miss the gnoll sergeant.
The gnoll sergeant is almost dead.
The gnoll sergeant hits you with a +0 spear.
The gnoll barely misses you. The gnoll hits you with a +0 flail!
* * * LOW HITPOINT WARNING * * *
You hit the gnoll sergeant but do no damage.
The gnoll sergeant is poisoned.
The gnoll sergeant is almost dead.
The gnoll sergeant hits you with a +0 spear!
* * * LOW HITPOINT WARNING * * *
The gnoll barely misses you. The gnoll hits you with a +0 flail!
You die...

#. #...# #.
#...#..#...8.>.8 #.
#...#....#..... # #.
#...# .....#.8 #..
#.##.##...# ...... ....
#.........# ..g[#.#..
##....#...# .g....
#...<+...######g#.#.###
#....#........@g.......
#....#.................
#....#.#.#.############
######.#.#)# #.#.#.#
..#.#.# ###.#.# ..#.#


You could see a gnoll sergeant (poisoned) and 3 gnolls.

Vanquished Creatures
  Sigmund (D:4)
  An ogre (D:4)
  A scorpion (D:4)
  A howler monkey (D:4)
  3 hounds (D:4)
  A jelly (D:4)
  2 iguanas (D:4)
  5 adders
  An ufetubus (D:4)
  3 worms
  4 dart slugs
  3 orcs
  10 ball pythons
  5 endoplasms
  6 giant cockroaches
  5 goblins
  9 hobgoblins
  A jackal (D:1)
  10 kobolds
  2 quokkas
  4 bats
  2 frilled lizards
  6 rats
86 creatures vanquished.

Vanquished Creatures (collateral kills)
  An adder (D:4)
  An orc (D:3)
  A goblin (D:4)
3 creatures vanquished.

Vanquished Creatures (others)
  An ogre zombie (D:4)
  A hound zombie (D:4)
  2 adder zombies (D:4)
  A dart slug zombie (D:4)
  An endoplasm zombie (D:4)
  A hobgoblin zombie (D:4)
  A kobold zombie (D:4)
8 creatures vanquished.

Grand Total: 97 creatures vanquished

Notes
Turn   | Place    | Note
-------+----------+-------------------------------------------
     0 | D:1      | Graphine the Demonspawn Necromancer began the quest for the
                  | Orb.
     0 | D:1      | Reached XP level 1. HP: 13/13 MP: 3/3
   525 | D:1      | Reached skill level 1 in Invocations
   525 | D:1      | Gained mutation: You have a pair of small antennae on your
                  | head. [demonic ancestry]
   525 | D:1      | Reached XP level 2. HP: 20/20 MP: 1/5
   786 | D:1      | Reached skill level 1 in Fighting
  1035 | D:1      | Gained mutation: You are partially covered in yellow
                  | scales. (AC +2) [demonic ancestry]
  1035 | D:1      | Reached XP level 3. HP: 26/26 MP: 4/6
  1405 | D:2      | Found a faded altar of an unknown god.
  1957 | D:2      | Learned a level 3 spell: Vampiric Draining
  2069 | D:2      | Reached XP level 4. HP: 33/33 MP: 5/7
  2543 | D:3      | Reached skill level 5 in Necromancy
  3453 | D:3      | Learned a level 4 spell: Animate Dead
  3468 | D:4      | Reached XP level 5. HP: 29/38 MP: 2/8
  3663 | D:4      | Found Esheos's Distillery.
  3665 | D:4      | Found Jiyj's Assorted Antiques.
  3666 | D:4      | Found Ofuruutir's Antique Weapon Boutique.
  3680 | D:4      | Reached XP level 6. HP: 21/46 MP: 1/10
  3956 | D:4      | Noticed Sigmund
  3980 | D:4      | Killed Sigmund
  3981 | D:4      | Reached skill level 6 in Necromancy
  3981 | D:4      | Gained mutation: You may rarely emit foul miasma when
                  | damaged in melee. [demonic ancestry]
  3981 | D:4      | Reached XP level 7. HP: 13/52 MP: 7/11
  4410 | D:4      | Reached skill level 5 in Invocations
  4492 | D:5      | Entered Level 5 of the Dungeon
  4507 | D:5      | Found a staircase to the Ecumenical Temple.
  4518 | D:5      | Slain by a gnoll

Illustrated notes

Levels and vault maps discovered:
D:1:      roderic_lyre, layout_basic, kennysheep_decorative_pillar,
          chequers_serial_rivers_large_b, minmay_cut_off
D:2:      layout_loops_ring, shapermc_ecumenical_altar_mp_highgroup,
          solitary_fountain, minmay_misc_feat_encased, kennysheep_generic_room_4
D:3:      layout_basic, cheibrodos_sewer_entry_bend
D:4:      layout_basic, nicolae_wooded_promenade, uniq_sigmund, uniq_pargi
D:5:      layout_basic, minmay_temple_entry_sparse_star, hex_medium

Skill      XL: |  1  2  3  4  5  6  7 |
---------------+----------------------+-----
Invocations    | 1 2 3 4 5 |  5.0
Fighting       | 1 2 3 |  3.8
Dodging        | 2 |  2.9
Necromancy     | 5 6 |  6.2
Spellcasting   | 3 |  3.2
Stealth        | |  1.7

Action                     |  1- 3 |  4- 6 |  7- 9 || total
---------------------------+-------+-------+-------++-------
  Melee: Dagger            |    18 |    74 |    26 ||   118
         Unarmed           |     1 |       |       ||     1
         Punch             |     1 |       |     1 ||     2
   Cast: Necrotise         |    57 |    50 |    16 ||   123
         Animate Dead      |       |     2 |     3 ||     5
    Use: Scroll            |     5 |     3 |     2 ||    10
         Potion            |       |     1 |     1 ||     2
   Stab: Sleeping          |     1 |     1 |       ||     2
 Armour: Robe              |     7 |    15 |     8 ||    30
         Skin              |       |    32 |       ||    32
  Dodge: Dodged            |    18 |    54 |    22 ||    94
